 Dungeon Crawl Stone Soup version 0.31-a0-1308-ga3cce3a448 (webtiles) character file.

Game seed: 13424962355583308118

411 Sonofthefire the Ruffian (level 6, 0/42 HPs)
             Began as an Octopode Shapeshifter on Dec 20, 2023.
             Slain by an ogre
             ... wielding a +0 giant spiked club
              (12 damage)
             ... on level 5 of the Dungeon.
             The game lasted 00:07:56 (3905 turns).

Sonofthefire the Ruffian (Octopode Shapeshifter)    Turns: 3905, Time: 00:07:56

Health: 0/42       AC:  1    Str: 15    XL:     6   Next: 90%
Magic:  6/6        EV: 15    Int: 12    God:
Gold:   275        SH:  0    Dex: 18    Spells: 5/5 levels left

rFire   . .          .
                       - Unarmed
rCold   . . .        (no shield)
rNeg    . . .        (helmet currently unavailable)
rPois   .            (no amulet)
rElec   .            r - +6 ring of dexterity
rCorr   .            (no ring)
SInv    .            (no ring)
Will    .....        (no ring)
Stlth   +++          (no ring)
HPRegen 0.27/turn    (no ring)
MPRegen 0.10/turn    (no ring)
                     (no ring)

%: no passive effects
@: beast-form
A: beast (slay +2), almost no armour, amphibious, 8 rings, camouflage 1,
gelatinous body 1, (nimble swimmer 1), tentacles
a: Begin Untransformation


You were on level 5 of the Dungeon.
You were a hulking beast.
You visited 1 branch of the dungeon, and saw 5 of its levels.

You collected 275 gold pieces.

Inventory:

Magical Staves
 s - a staff of conjuration
Jewellery
 r - a +6 ring of dexterity (left tentacle)
Talismans
 b - a beast talisman
 c - a flux talisman
 h - a serpent talisman
Wands
 u - a wand of charming (4)
Scrolls
 d - 4 scrolls of teleportation
 e - a scroll of immolation {unknown}
 i - a scroll of summoning {unknown}
 j - 2 scrolls of identify {unknown}
 m - 2 scrolls of poison {unknown}
 n - 2 scrolls of fog {unknown}
 p - a scroll of fear {unknown}
 q - a scroll of amnesia {unknown}
Potions
 a - 2 potions of lignification
 f - 4 potions of curing {unknown}
 g - a potion of resistance {unknown}
 k - a potion of brilliance {unknown}
 l - 2 potions of attraction {unknown}
 o - 2 potions of cancellation {unknown}
 t - a potion of might {unknown}


   Skills:
 + Level 3.4 Fighting
 + Level 3.9 Dodging
 + Level 4.5 Unarmed Combat
 + Level 4.3 Shapeshifting


You had 5 spell levels left.
You didn't know any spells.
Your spell library contained the following spells:

 Spells                   Type           Power      Damage    Failure   Level
 Sublimation of Blood     Necr           0%         N/A       45%         2
 Wereblood                Tmut           0%         N/A       45%         2
 Dazzling Flash           Conj/Hex       0%         N/A       69%         3
 Agony                    Necr           0%         N/A       100%        5
 Silence                  Hex/Air        0%         N/A       100%        5
 Summon Hydra             Summ           0%         N/A       100%        7


Dungeon Overview and Level Annotations

Branches:
Dungeon (5/15)             Temple (0/1) D:5

Altars:
Gozag
Wu Jian
Lugonu

Shops:
D:5 (

Portals:
Abyss: D:5

Annotations:
D:4 2 transporters


Innate Abilities, Weirdness & Mutations

You are a hulking beast.
Your limbs bulge with bestial killing power. (Slay +2)
You cannot wear most types of armour.
You are amphibious.
You can wear up to eight rings at the same time.
Your skin changes colour to match your surroundings (Stealth+).
Your rubbery body absorbs attacks. (AC +1, EV +1)
((You are camouflaged when in or above water. (Stealth+)))
You have tentacles for arms and can constrict up to eight enemies at once.


Message History

A lurking horror comes into view.
The helpless lurking horror fails to defend itself.
You bludgeon the lurking horror!
Your body is wracked with pain!
Found a corrupted altar of Lugonu.
You start resting.
HP restored.
You now have 255 gold pieces (gained 9).
Found 9 stones.
You see here a +0 whip.
There is a corrupted altar of Lugonu here.
Found Poniclem's Antique Weapon Shop.
There is an entrance to Poniclem's Antique Weapon Shop here.
You now have 264 gold pieces (gained 9).
You now have 275 gold pieces (gained 11).
A black bear comes into view.
Found a scroll labelled KEIPPU ROCISH.
d - 5 scrolls labelled KEIPPU ROCISH (gained 1)
As you read the scroll labelled KEIPPU ROCISH, it crumbles to dust.
You feel strangely unstable.
It was a scroll of teleportation.
Your surroundings suddenly seem different.
Found a scroll labelled QODWEU CUKAECW.
Found a staircase to the Ecumenical Temple.
An ogre comes into view. It is wielding a +0 giant spiked club.
The ogre barely misses you.
You bludgeon the ogre! Your squeeze misses the ogre.
The ogre is moderately wounded.
The ogre misses you.
You tentacle-slap the ogre.
The ogre is moderately wounded.
You tentacle-slap the ogre. You squeeze the ogre.
The ogre is heavily wounded.
The ogre hits you with a +0 giant spiked club!!
Ouch! That really hurt!
* * * LOW HITPOINT WARNING * * *
You tentacle-slap the ogre.
The ogre is heavily wounded.
You bludgeon the ogre!
The ogre is almost dead.
The ogre hits you with a +0 giant spiked club!
You die...

#.# ###.###
## ###'###
#.
####⌠.⌠####
#.
..#.>.'..
##. ##⌠.⌠##
#.. ###O###
#.. #h# #..
#.# #..
##.# #..
#..# #..
#..?...#
#######..
#####.##
.........
.#
#######.#
#.# #.#


You could see an ogre.

Vanquished Creatures
  An ogre (D:5)
  A scorpion (D:5)
  A jelly (D:4)
  2 orc priests (D:3)
  2 orc wizards (D:3)
  3 adders
  2 worms
  2 dart slugs
  10 orcs
  7 ball pythons
  8 bats
  8 endoplasms
  3 giant cockroaches
  6 goblins
  9 hobgoblins
  5 jackals (D:1)
  5 kobolds
  2 quokkas
  4 frilled lizards
  4 rats
  A lurking horror (D:5)
86 creatures vanquished.

Notes
Turn   | Place    | Note
-------+----------+-------------------------------------------
     0 | D:1      | Sonofthefire the Octopode Shapeshifter began the quest for
                  | the Orb.
     0 | D:1      | Reached XP level 1. HP: 13/13 MP: 1/1
   220 | D:1      | Reached XP level 2. HP: 18/18 MP: 2/2
   677 | D:1      | Reached XP level 3. HP: 19/23 MP: 3/3
  1235 | D:2      | Identified the +2 leather armour of the Monkey {Fly Dex+8}
  1874 | D:2      | Identified the beast talisman of the Akabeko {Will+ MP+9
                  | Int+3}
  1969 | D:3      | Reached XP level 4. HP: 21/29 MP: 4/4
  2059 | D:3      | Found a faded altar of an unknown god.
  2269 | D:3      | Reached XP level 5. HP: 26/35 MP: 5/5
  2914 | D:4      | Found an opulent altar of Gozag.
  2963 | D:4      | Reached XP level 6. HP: 41/41 MP: 6/6
  3208 | D:4      | Found a transporter.
  3241 | D:4      | Found a transporter.
  3256 | D:4      | Identified the +5 rapier of Monimudi {flame, ^Drain +Blink
                  | rElec Int+3}
  3304 | D:4      | Found an ornate altar of the Wu Jian Council.
  3511 | D:5      | Entered Level 5 of the Dungeon
  3639 | D:5      | Found a one-way gate to the infinite horrors of the Abyss.
  3647 | D:5      | Found a corrupted altar of Lugonu.
  3747 | D:5      | Found Poniclem's Antique Weapon Shop.
  3794 | D:5      | Noticed a black bear
  3897 | D:5      | Found a staircase to the Ecumenical Temple.
  3905 | D:5      | Slain by an ogre

Illustrated notes

Levels and vault maps discovered:
D:1:      wander_arrival_estate, layout_basic, kennysheep_minor_cross
D:2:      layout_loops_corners, dreamdust_wishing_well
D:3:      layout_basic, shapermc_ecumenical_altar_venn, minmay_liquid_box
D:4:      gammafunk_steamed_eel, layout_rooms, mainiacjoe_overflow_alcove_4,
          nicolae_wu_jian_immortal_techniques, nicolae_overflow_hidden_temple,
          minmay_bent
D:5:      layout_loops_ring, temple_doors_e, serial_shops, shop,
          amcnicky_altar_lugonu_corruption

Skill      XL: |  1  2  3  4  5  6 |
---------------+-------------------+-----
Fighting       | 2 3 |  3.4
Dodging        | 3 |  3.9
Unarmed Combat | 4 |  4.5
Shapeshifting  | 4 |  4.3

Action                     |  1- 3 |  4- 6 || total
---------------------------+-------+-------++-------
  Melee: Unarmed           |    74 |    94 ||   168
         Constrict         |    17 |    25 ||    42
         Tentacles         |    11 |    23 ||    34
         Punch             |       |     2 ||     2
    Use: Scroll            |       |     1 ||     1
   Stab: Sleeping          |     6 |     7 ||    13
 Armour: Skin              |    23 |    31 ||    54
  Dodge: Dodged            |    33 |    43 ||    76

Table legend: (Time is in decaauts)
 A = Elapsed time spent in this place.
 B = Non-inter-level travel time spent in this place.
 C = Inter-level travel time spent in this place.
 D = Time resting spent in this place.
 E = Time spent auto-exploring this place.
 F = Levels seen in this place.
 G = Mean time per level.
                   A        B        C        D        E       F      G
               +--------+--------+--------+--------+--------+-----+--------+
         Total |   3894 |   3703 |    191 |    593 |   2331 |   5 |  778.8 |
       Dungeon |   3894 |   3703 |    191 |    593 |   2331 |   5 |  778.8 |
               +--------+--------+--------+--------+--------+-----+--------+

Top non-repeatable levels by time:
     D:3: 1002 daAuts
     D:1: 984 daAuts
     D:2: 970 daAuts
     D:4: 608 daAuts
     D:5: 328 daAuts
